[Event "January 2 Early 2024"]
[Site "https://www.chess.com"]
[Date "2024.01.02"]
[Round "5"]
[White "Crocker, Philip J"]
[Black "Zampronha, Wladimir Camilo"]
[Result "0-1"]
[Board "178"]
[TimeControl "180+1"]
[WhiteFideId "403180"]
[BlackFideId "2103087"]
[WhiteElo "2089"]
[BlackElo "2311"]
[WhiteTeam "ENG"]
[BlackTeam "BRA"]
[WhiteClock "0:00:00"]
[BlackClock "0:00:02"]

1. d4 Nf6 2. Bg5 Ne4 3. Bf4 c5 4. d5 Qb6 5. Nd2 Qxb2 6. Nxe4 Qb4+ 7. Bd2 Qxe4 8. c4 e6 9. dxe6 dxe6 10. e3 Be7 11. Nf3 O-O 12. Qb3 Rd8 13. Rd1 Nc6 14. Be2 e5 15. O-O b6 16. Bc3 Bg4 17. h3 Bh5 18. Rd5 Rxd5 19. cxd5 Nb4 20. Rd1 Bd6 21. Bxb4 cxb4 22. Bd3 Bxf3 23. Bxe4 Bxe4 24. f3 Bf5 25. e4 Bd7 26. Rc1 Bc5+ 27. Kh2 a5 28. g3 a4 29. Qd3 Ra5 30. f4 f6 31. fxe5 fxe5 32. Qf3 Ra8 33. Qh5 Bd6 34. h4 b3 35. Rf1 g6 36. Qe2 bxa2 37. Qxa2 a3 38. h5 b5 39. hxg6 hxg6 40. Rf6 Bf8 41. Rxg6+ Kf7 42. Rb6 Rc8 43. Qf2+ Ke8 44. Rb7 Ra8 45. Qe2 a2 46. Qh5+ Kd8 47. Qg5+ Kc8 48. Rxd7 Kxd7 49. Qf5+ Kd6 50. Qf6+ Kc5 0-1

[Event "January 2 Early 2024"]
[Site "https://www.chess.com"]
[Date "2024.01.02"]
[Round "5"]
[White "Kornyukov, Alexey"]
[Black "Nikulina, Alena"]
[Result "0-1"]
[Board "179"]
[TimeControl "180+1"]
[WhiteFideId "4150457"]
[BlackFideId "4172051"]
[WhiteElo "2309"]
[BlackElo "2076"]
[WhiteTeam "RUS"]
[BlackTeam "RUS"]
[WhiteClock "0:00:43"]
[BlackClock "0:00:18"]

1. e4 c5 2. Nf3 e6 3. c3 d5 4. exd5 exd5 5. d4 Nf6 6. Bb5+ Nc6 7. O-O Bd6 8. Re1+ Be6 9. Ng5 O-O 10. Rxe6 fxe6 11. Nxe6 Qd7 12. Nxf8 Rxf8 13. dxc5 Bxc5 14. Be3 Bxe3 15. fxe3 Ng4 16. Qd3 Qd6 17. g3 Rf2 18. Nd2 Nce5 19. Qd4 Rxd2 20. Qf4 Qh6 21. Qxh6 Nf3+ 22. Kh1 gxh6 0-1

[Event "January 2 Early 2024"]
[Site "https://www.chess.com"]
[Date "2024.01.02"]
[Round "5"]
[White "Limontaite, Simona"]
[Black "Winkels, Marcel"]
[Result "1-0"]
[Board "180"]
[TimeControl "180+1"]
[WhiteFideId "12802506"]
[BlackFideId "1003887"]
[WhiteElo "2306"]
[BlackElo "2007"]
[WhiteTeam "LTU"]
[BlackTeam "NED"]
[WhiteClock "0:00:20"]
[BlackClock "0:00:00"]

1. d4 Nf6 2. c4 g6 3. Nc3 d5 4. cxd5 Nxd5 5. Bd2 Bg7 6. e4 Nxc3 7. Bxc3 Nc6 8. Nf3 Bg4 9. d5 Bxc3+ 10. bxc3 Ne5 11. Be2 Bxf3 12. gxf3 Qd6 13. f4 Nd7 14. Qd4 O-O 15. e5 Qb6 16. h4 h5 17. Bd3 Kh7 18. f5 Rg8 19. Rb1 Qxd4 20. cxd4 Nb6 21. fxg6+ fxg6 22. Be4 Rad8 23. Kd2 Kh6 24. Rhc1 Nxd5 25. Rxb7 Nf4 26. Rcxc7 Rg7 27. Ke3 Ne6 28. Rd7 Rc8 29. Rxe7 Rxe7 30. Rxe7 Nc7 31. d5 Nb5 32. d6 Rc1 33. Re6 Rg1 34. d7 Rd1 35. Rxg6+ Kh7 36. Rd6+ Kg7 37. Rxd1 1-0

[Event "January 2 Early 2024"]
[Site "https://www.chess.com"]
[Date "2024.01.02"]
[Round "5"]
[White "Smirnov, Timofey"]
[Black "Skaric, Djuro"]
[Result "0-1"]
[Board "181"]
[TimeControl "180+1"]
[WhiteFideId "24176427"]
[BlackFideId "934569"]
[WhiteElo "1990"]
[BlackElo "2298"]
[WhiteTeam "RUS"]
[BlackTeam "SRB"]
[WhiteClock "0:00:21"]
[BlackClock "0:02:31"]

1. d4 d6 2. Bf4 g6 3. Nc3 Bg7 4. e4 Nf6 5. e5 Nfd7 6. Nf3 O-O 7. Qd2 Nc6 8. O-O-O a6 9. Bh6 dxe5 10. dxe5 Ndxe5 11. Qxd8 Bxh6+ 12. Kb1 Rxd8 13. Rxd8+ Nxd8 14. Nxe5 Bg7 15. Nf3 Be6 16. h4 h6 17. Be2 Nc6 18. Rd1 Bxc3 19. bxc3 Kg7 20. Nd4 Nxd4 21. cxd4 Rd8 22. Bf3 c5 23. d5 Bd7 24. d6 e6 25. Bxb7 Rb8 26. Ka1 Rxb7 27. c4 Rb4 28. Rc1 Kf6 29. a3 Rb6 30. Rd1 Ke5 31. Re1+ Kxd6 32. Rd1+ Ke7 33. Rb1 Rxb1+ 34. Kxb1 Bc6 0-1

[Event "January 2 Early 2024"]
[Site "https://www.chess.com"]
[Date "2024.01.02"]
[Round "5"]
[White "Blokhin, Sofia"]
[Black "Murthy, Pappu"]
[Result "1-0"]
[Board "182"]
[TimeControl "180+1"]
[WhiteFideId "4508190"]
[BlackFideId "2013401"]
[WhiteElo "2297"]
[BlackElo "1988"]
[WhiteTeam "EST"]
[BlackTeam "USA"]
[WhiteClock "0:00:33"]
[BlackClock "0:00:00"]

1. d4 Nf6 2. c4 e6 3. Nc3 d5 4. Nf3 Bb4 5. e3 O-O 6. Bd3 dxc4 7. Bxc4 c5 8. O-O cxd4 9. exd4 b6 10. Bg5 h6 11. Bh4 Bb7 12. Bd3 Nbd7 13. Ne5 Bxc3 14. bxc3 Qc7 15. Bg3 Qd8 16. Bc2 Ne4 17. Qd3 Rc8 18. c4 Nxe5 19. Bxe5 f5 20. f3 Nf6 21. g4 g6 22. Qe3 Kh7 23. g5 Ng8 24. gxh6 Qh4 25. Bg7 Rfe8 26. Qe5 Nxh6 27. Bf6 Qh3 28. Be4 fxe4 29. fxe4 Ng4 30. Qf4 Rf8 31. Rf3 Rxf6 32. Rxh3+ 1-0

[Event "January 2 Early 2024"]
[Site "https://www.chess.com"]
[Date "2024.01.02"]
[Round "5"]
[White "Eggleston, Thomas A"]
[Black "Cornelison, Paul"]
[Result "1-0"]
[Board "183"]
[TimeControl "180+1"]
[WhiteFideId "412139"]
[BlackFideId "2004186"]
[WhiteElo "2296"]
[BlackElo "1957"]
[WhiteTeam "ENG"]
[BlackTeam "USA"]
[WhiteClock "0:00:31"]
[BlackClock "0:00:14"]

1. e4 e5 2. Nf3 Nf6 3. Nxe5 d6 4. Nf3 Nxe4 5. c4 Be7 6. Nc3 Nxc3 7. dxc3 O-O 8. Bd3 Be6 9. Qc2 h6 10. Be3 Nd7 11. O-O-O a5 12. Rhg1 a4 13. g4 Ra5 14. Nd4 Ne5 15. Nxe6 Nxd3+ 16. Qxd3 fxe6 17. f4 Qe8 18. Qe4 e5 19. f5 Qc6 20. Rd5 Rb8 21. g5 hxg5 22. Bxg5 Bxg5+ 23. Rxg5 b5 24. f6 bxc4 25. Rxg7+ Kf8 26. Qh7 1-0

[Event "January 2 Early 2024"]
[Site "https://www.chess.com"]
[Date "2024.01.02"]
[Round "5"]
[White "Gomez Falagan, Daniel"]
[Black "Zainullina, Nataliya"]
[Result "1-0"]
[Board "184"]
[TimeControl "180+1"]
[WhiteFideId "54509947"]
[BlackFideId "4145488"]
[WhiteElo "2342"]
[BlackElo "2202"]
[WhiteTeam "ESP"]
[BlackTeam "RUS"]
[WhiteClock "0:00:02"]
[BlackClock "0:00:00"]

1. Nf3 d5 2. b3 Nf6 3. Bb2 e6 4. c4 Be7 5. e3 O-O 6. Nc3 b6 7. cxd5 Nxd5 8. Qc2 Bb7 9. a3 Bf6 10. Be2 c5 11. h4 Nc6 12. Ng5 g6 13. Nce4 Bxb2 14. Qxb2 Qe7 15. h5 f6 16. hxg6 hxg6 17. Bg4 Bc8 18. O-O-O Ne5 19. Be2 Nf7 20. Rh7 e5 21. Bc4 fxg5 22. Rdh1 Be6 23. Qc2 Rad8 24. Nd6 Bf5 25. Nxf5 gxf5 26. Qxf5 Qf6 27. Qg4 Qg6 28. R7h3 Kg7 29. Qe2 Rh8 30. Rxh8 Rxh8 31. Rxh8 1-0

[Event "January 2 Early 2024"]
[Site "https://www.chess.com"]
[Date "2024.01.02"]
[Round "5"]
[White "Pogorelskikh, Sofia"]
[Black "Tilahun , Abel Mathewos"]
[Result "1-0"]
[Board "185"]
[TimeControl "180+1"]
[WhiteFideId "44164548"]
[BlackFideId "15702391"]
[WhiteElo "2296"]
[BlackElo "2070"]
[WhiteTeam "SRB"]
[BlackTeam "ETH"]
[WhiteClock "0:00:07"]
[BlackClock "0:00:00"]

1. e4 e6 2. d4 d5 3. Nc3 dxe4 4. Nxe4 Nd7 5. Nf3 Ngf6 6. Ng3 Be7 7. Bd3 O-O 8. O-O b6 9. c3 Bb7 10. Re1 c5 11. Ne5 cxd4 12. cxd4 Nd5 13. Bd2 Bb4 14. Bxb4 Nxb4 15. Be4 Nd5 16. Nxd7 Qxd7 17. a3 Rac8 18. Rc1 g6 19. h4 Nf4 20. Qf3 Nd5 21. h5 Qb5 22. hxg6 hxg6 23. Rxc8 Rxc8 24. Bxg6 fxg6 25. Qg4 Qd7 26. Qxg6+ Kf8 27. Rxe6 Rc6 28. Qh6+ Kg8 29. Qg6+ Kf8 30. Qf5+ Kg8 31. Rg6+ Rxg6 32. Qxd7 Bc6 33. Qd8+ Kh7 34. Qh4+ Kg7 35. Nf5+ Kf7 36. g3 Ke6 37. Ne3 Nf6 38. Qh3+ Kf7 39. Qf5 Rh6 40. d5 Bxd5 41. Nxd5 Rh5 42. Qxf6+ Kg8 43. Qg6+ Kf8 44. Qxh5 Kg7 45. f4 b5 46. f5 b4 47. f6+ Kg8 48. Qg6+ 1-0

[Event "January 2 Early 2024"]
[Site "https://www.chess.com"]
[Date "2024.01.02"]
[Round "5"]
[White "Refrigerator1955"]
[Black "SkinnyPuppy8"]
[Result "0-1"]
[Board "186"]
[TimeControl "180+1"]
[WhiteElo "2019"]
[BlackElo "2282"]
[WhiteClock "0:02:15"]
[BlackClock "0:01:58"]

1. e4 d5 2. exd5 Nf6 3. c4 e6 4. Qa4+ Bd7 5. Qb3 Qc8 6. Nc3 Na6 7. d4 Bb4 8. Nf3 O-O 9. Be2 c5 10. O-O cxd4 11. Nxd4 Bxc3 12. dxe6 Bxd4 13. exd7 Qxd7 14. Rd1 Nc5 15. Qg3 Nfe4 0-1

[Event "January 2 Early 2024"]
[Site "https://www.chess.com"]
[Date "2024.01.02"]
[Round "5"]
[White "Sava, Christiansen-Danut-Eugen"]
[Black "Bogumil, Tatiana"]
[Result "0-1"]
[Board "187"]
[TimeControl "180+1"]
[WhiteFideId "1210114"]
[BlackFideId "4110579"]
[WhiteElo "2255"]
[BlackElo "2003"]
[WhiteTeam "ROU"]
[BlackTeam "RUS"]
[WhiteClock "0:00:36"]
[BlackClock "0:00:15"]

1. d4 Nf6 2. c4 c5 3. d5 b5 4. cxb5 a6 5. bxa6 Bxa6 6. Nc3 d6 7. Nf3 g6 8. g3 Bg7 9. Bg2 O-O 10. O-O Nbd7 11. Rb1 Qa5 12. Qc2 Rfb8 13. b3 Ra7 14. Bd2 Qc7 15. Rfe1 Qb7 16. a4 Qa8 17. h3 Rab7 18. e4 Ne8 19. Bg5 Kf8 20. Kh2 Rb4 21. e5 Nxe5 22. Nxe5 Bxe5 23. Bxe7+ Kxe7 24. f4 f6 25. fxe5 fxe5 26. Ne4 Qxd5 27. Rbd1 Qxb3 28. Qd2 Rxe4 29. Bxe4 Qb2 30. Kg1 Qxd2 31. Rxd2 Rb4 32. Ra1 Rxe4 33. a5 Rb4 34. g4 Nc7 35. Rad1 d5 36. Re1 Kd6 37. Rf2 e4 38. Rf7 Ne6 39. Ra7 Bc4 40. Rxh7 Ra4 41. Ra7 Ke5 42. h4 Nf4 43. Ra6 Bxa6 0-1

[Event "January 2 Early 2024"]
[Site "https://www.chess.com"]
[Date "2024.01.02"]
[Round "5"]
[White "Delgado Kuffo, Andres"]
[Black "Castillo Pena, Patricia Evarista"]
[Result "1-0"]
[Board "188"]
[TimeControl "180+1"]
[WhiteFideId "3600475"]
[BlackFideId "6412106"]
[WhiteElo "2226"]
[BlackElo "1925"]
[WhiteTeam "ECU"]
[BlackTeam "DOM"]
[WhiteClock "0:01:39"]
[BlackClock "0:01:01"]

1. e4 c5 2. Nf3 d6 3. d4 cxd4 4. Qxd4 Nf6 5. e5 dxe5 6. Qxd8+ Kxd8 7. Bc4 e6 8. Nxe5 Ke8 9. Nc3 Bd6 10. Bb5+ Nbd7 11. Nc4 Be7 12. Bf4 a6 13. Nb6 axb5 14. Nxa8 Bb4 15. Nc7+ Ke7 16. Nxb5 Nd5 17. Bd2 Nxc3 18. Bxc3 Bxc3+ 19. Nxc3 Nc5 20. O-O-O Rd8 21. Rxd8 Kxd8 22. b4 Nd7 23. Rd1 Ke7 24. a4 Nb6 25. f4 Bd7 26. a5 Nc4 27. Rd4 Ne3 28. g3 Nf5 29. Rd3 Bc6 30. b5 Bd7 31. Kb2 Nd6 32. Kb3 Bxb5 33. Rxd6 1-0

[Event "January 2 Early 2024"]
[Site "https://www.chess.com"]
[Date "2024.01.02"]
[Round "5"]
[White "Bold, Andre"]
[Black "Babayeva, Nasrin"]
[Result "1-0"]
[Board "189"]
[TimeControl "180+1"]
[WhiteFideId "16208471"]
[BlackFideId "13416626"]
[WhiteElo "2507"]
[BlackElo "1806"]
[WhiteTeam "GER"]
[BlackTeam "AZE"]
[WhiteClock "0:01:45"]
[BlackClock "0:00:22"]

1. Nf3 d6 2. d4 Bg4 3. Nbd2 Nf6 4. e3 e6 5. h3 Bh5 6. Be2 Be7 7. O-O O-O 8. b3 Nbd7 9. Bb2 c5 10. c4 cxd4 11. Nxd4 Bxe2 12. Qxe2 d5 13. Rfd1 Rc8 14. Rac1 Nc5 15. cxd5 Nxd5 16. Nc4 Bf6 17. Nb5 Bxb2 18. Qxb2 Qf6 19. Qxf6 Nxf6 20. Ncd6 Rc6 21. Nxa7 Ra6 22. Rxc5 Rxa7 23. a4 Rd8 24. Rcc1 Nd5 25. Nb5 Raa8 26. e4 Nf4 27. Kf1 Nd3 28. Rc3 Ne5 29. Rxd8+ Rxd8 30. Ke2 Nc6 31. f4 Kf8 32. Rd3 Ke7 33. Rxd8 Kxd8 34. Kd3 Ke7 35. Nd4 Kd6 36. Nxc6 Kxc6 37. Kc4 1-0

[Event "January 2 Early 2024"]
[Site "https://www.chess.com"]
[Date "2024.01.02"]
[Round "5"]
[White "Petersson, Kjell"]
[Black "Santos Flores, Alberto"]
[Result "0-1"]
[Board "190"]
[TimeControl "180+1"]
[WhiteFideId "1705148"]
[BlackFideId "3601234"]
[WhiteElo "2148"]
[BlackElo "2493"]
[WhiteTeam "SWE"]
[BlackTeam "ECU"]
[WhiteClock "0:00:03"]
[BlackClock "0:00:49"]

1. d4 Nf6 2. Bf4 g6 3. Nc3 d5 4. e3 Bg7 5. Nb5 Na6 6. Nc3 Nb8 7. Nb5 Na6 8. Nc3 O-O 9. Bxa6 bxa6 10. Be5 c5 11. dxc5 Qa5 12. Qd4 Be6 13. Ne2 Rfc8 14. b4 Qa3 15. O-O a5 16. Rfb1 axb4 17. Rxb4 Rc6 18. Rab1 Rac8 19. R1b3 Qa6 20. Ra4 Qxa4 21. Nxa4 Ne8 22. Bxg7 Nxg7 23. Nf4 Nf5 24. Qd1 Ra6 25. Rb4 Bd7 26. c3 e6 27. Nd3 Ne7 28. Qb3 Nc6 29. Rh4 Kg7 30. c4 Na5 31. Qc3+ Kg8 32. cxd5 exd5 33. h3 Nc4 34. Ndb2 Bxa4 35. Nxa4 Rxa4 36. Qd3 Rxc5 37. Qd4 Raa5 38. Qf6 Rc8 39. Rf4 Rf8 40. Qd4 Nb6 41. Qb2 Rc5 42. a4 Rfc8 43. Kh2 Nd7 44. Qb3 Rc4 45. Rxc4 dxc4 46. Qb7 Nb6 47. Qa6 c3 48. a5 c2 49. axb6 c1=Q 50. b7 Qc7+ 51. g3 Rb8 52. Qxa7 Qxb7 0-1

[Event "January 2 Early 2024"]
[Site "https://www.chess.com"]
[Date "2024.01.02"]
[Round "5"]
[White "Zhuk, Valeriy"]
[Black "Viana, Valeria"]
[Result "1-0"]
[Board "191"]
[TimeControl "180+1"]
[WhiteFideId "24151254"]
[BlackFideId "8407100"]
[WhiteElo "2395"]
[BlackElo "2143"]
[WhiteTeam "RUS"]
[BlackTeam "HON"]
[WhiteClock "0:02:11"]
[BlackClock "0:01:47"]

1. e4 c6 2. d4 d5 3. e5 Bf5 4. h4 h5 5. c4 e6 6. Nc3 Nd7 7. Bg5 Qb6 8. Qd2 Bb4 9. c5 Qc7 10. a3 Bxc3 11. Qxc3 b6 12. b4 Nh6 13. Ne2 Bg6 14. Nf4 Bh7 15. Nxh5 Nf5 16. g4 Bg6 17. Nf4 Bh7 18. gxf5 1-0

[Event "January 2 Early 2024"]
[Site "https://www.chess.com"]
[Date "2024.01.02"]
[Round "5"]
[White "Novikova, Margarita"]
[Black "Gerbelli Neto, Eduardo"]
[Result "1-0"]
[Board "192"]
[TimeControl "180+1"]
[WhiteFideId "14109689"]
[BlackFideId "2103281"]
[WhiteElo "2102"]
[BlackElo "2348"]
[WhiteTeam "GER"]
[BlackTeam "BRA"]
[WhiteClock "0:00:22"]
[BlackClock "0:00:03"]

1. e4 e5 2. Nf3 Nc6 3. Bc4 Nf6 4. d3 Bc5 5. c3 d6 6. Bg5 h6 7. Bh4 g5 8. Bg3 O-O 9. O-O Be6 10. Bxe6 fxe6 11. b4 Bb6 12. a4 a6 13. Qb3 Qd7 14. Nbd2 Ne7 15. Nc4 Ba7 16. Ncxe5 dxe5 17. Nxe5 Qc8 18. Rae1 Kg7 19. d4 c6 20. h4 Bb8 21. hxg5 hxg5 22. Qd1 Ng6 23. Nc4 Bxg3 24. fxg3 Qc7 25. e5 Nd5 26. Qd3 Qe7 27. Nd6 Rxf1+ 28. Rxf1 Rf8 29. Rf3 Rxf3 30. gxf3 b5 31. a5 g4 32. fxg4 Qg5 33. Qf3 Qe3+ 34. Qxe3 Nxe3 35. c4 Nxc4 36. Nb7 Ne7 37. Nd8 Kg6 38. Nxe6 Ne3 39. Nc5 Nc2 40. Nxa6 Kg5 41. Kf2 Kxg4 42. Ke2 Nxd4+ 43. Kd3 Ne6 44. Nb8 Kxg3 45. Ke4 Nc7 46. a6 Kf2 47. a7 Ke2 48. Na6 Na8 49. e6 Kd2 50. Ke5 Kc3 51. Kd6 Nd5 52. e7 Nxe7 53. Kxe7 Kc4 54. Kd6 c5 55. bxc5 b4 56. Nxb4 Kxb4 57. c6 Kb5 58. c7 Nb6 59. a8=Q Nxa8 60. c8=Q Nb6 61. Qc1 Nc4+ 62. Ke7 Nb6 63. Qb2+ Kc6 64. Qc3+ Kb5 65. Qb3+ Kc5 66. Kd8 Nd5 67. Kd7 Nb6+ 68. Ke6 Nc4 69. Qc3 Kb5 70. Kd5 Nb6+ 71. Kd4 Na4 72. Qc4+ Ka5 73. Qb3 Nb6 74. Kc5 Na4+ 75. Kc6 Ka6 76. Qxa4# 1-0

[Event "January 2 Early 2024"]
[Site "https://www.chess.com"]
[Date "2024.01.02"]
[Round "5"]
[White "Kekic, Armin"]
[Black "Brandao, Marcius Gomes"]
[Result "0-1"]
[Board "194"]
[TimeControl "180+1"]
[WhiteFideId "14401274"]
[BlackFideId "2124980"]
[WhiteElo "2304"]
[BlackElo "2052"]
[WhiteTeam "BIH"]
[BlackTeam "BRA"]
[WhiteClock "0:01:21"]
[BlackClock "0:01:15"]

1. e4 c5 2. Nf3 Nc6 3. d4 cxd4 4. Nxd4 e5 5. Nb5 d6 6. N1c3 a6 7. Na3 Be7 8. Nd5 Nf6 9. Bd3 Nxd5 10. exd5 Qa5+ 11. c3 Qxd5 12. Qe2 Qxg2 13. Be4 Qh3 14. Nc4 Bg4 15. f3 Be6 16. Nb6 Bh4+ 17. Kd1 Rd8 18. Nd5 O-O 19. Nc7 d5 20. Bc2 d4 21. Nxe6 fxe6 22. c4 d3 23. Bxd3 Rxf3 0-1

[Event "January 2 Early 2024"]
[Site "https://www.chess.com"]
[Date "2024.01.02"]
[Round "5"]
[White "Zepeda Berlanga, Jan Enrique"]
[Black "Alonso Garcia, Rene Marcial"]
[Result "0-1"]
[Board "195"]
[TimeControl "180+1"]
[WhiteFideId "5132355"]
[BlackFideId "3500276"]
[WhiteElo "1958"]
[BlackElo "2273"]
[WhiteTeam "MEX"]
[BlackTeam "FID"]
[WhiteClock "0:00:25"]
[BlackClock "0:01:18"]

1. e4 e5 2. Nf3 Nc6 3. Bc4 Nf6 4. Nc3 Nxe4 5. Nxe4 d5 6. Qe2 dxc4 7. O-O Be7 8. Qxc4 O-O 9. b3 Be6 10. Qe2 f5 11. Ng3 e4 12. Ne1 Nd4 13. Qd1 Qd5 14. c3 Nc6 15. d4 f4 16. Ne2 f3 17. Ng3 fxg2 18. Nxg2 Bd6 19. Be3 b5 20. Qd2 Bg4 21. Rac1 Bf3 22. c4 bxc4 23. bxc4 Qe6 24. d5 Qh3 25. Ne1 Ne5 26. Rc3 Ng4 0-1

[Event "January 2 Early 2024"]
[Site "https://www.chess.com"]
[Date "2024.01.02"]
[Round "5"]
[White "Floresvillar Gonzalez, Luis Migu"]
[Black "Thake, Conrad"]
[Result "0-1"]
[Board "196"]
[TimeControl "180+1"]
[WhiteFideId "5100542"]
[BlackFideId "5602947"]
[WhiteElo "2178"]
[BlackElo "1875"]
[WhiteTeam "MEX"]
[BlackTeam "MLT"]
[WhiteClock "0:00:00"]
[BlackClock "0:00:01"]

1. e4 c5 2. d4 e6 3. c3 d5 4. exd5 exd5 5. Bb5+ Nc6 6. Qe2+ Be7 7. dxc5 Nf6 8. Nf3 O-O 9. O-O Re8 10. Bg5 Bg4 11. Nbd2 Bxc5 12. Qd3 Be6 13. Rad1 a6 14. Ba4 h6 15. Bh4 Be7 16. Rfe1 Qa5 17. Bc2 g6 18. Rxe6 Ne4 19. Rxe7 Nxe7 20. Nxe4 dxe4 21. Qxe4 Nf5 22. Qg4 Nxh4 23. Nxh4 Qg5 24. Qxg5 hxg5 25. Nf3 Re2 26. Bb3 Rxb2 27. Nxg5 Rf8 28. h4 Kg7 29. Rd7 Rb1+ 30. Kh2 Rf1 31. f3 b5 32. Ne6+ Kg8 33. Nxf8 Kxf8 34. Rxf7+ Ke8 35. Rf6 a5 36. Rxg6 a4 37. Be6 Rc1 38. Rg7 Rxc3 39. Bd7+ Kf8 40. Rh7 a3 41. Bxb5 Rc2 42. Ba4 Rxa2 0-1

[Event "January 2 Early 2024"]
[Site "https://www.chess.com"]
[Date "2024.01.02"]
[Round "5"]
[White "Gulamirian, Korun"]
[Black "Thiel, Thomas"]
[Result "1-0"]
[Board "197"]
[TimeControl "180+1"]
[WhiteFideId "4144899"]
[BlackFideId "4615964"]
[WhiteElo "1557"]
[BlackElo "2172"]
[WhiteTeam "RUS"]
[BlackTeam "GER"]
[WhiteClock "0:00:02"]
[BlackClock "0:00:00"]

1. e4 d5 2. exd5 Nf6 3. d4 Nxd5 4. c4 Nb6 5. Nc3 e5 6. c5 exd4 7. cxb6 dxc3 8. Qxd8+ Kxd8 9. bxc7+ Kxc7 10. bxc3 Bd6 11. Bc4 Re8+ 12. Be3 Be6 13. Bd3 Nd7 14. Nf3 Bd5 15. Nd4 Ne5 16. Bb5 Re7 17. O-O a6 18. Be2 g6 19. Rfc1 Bc4 20. Bf3 Nxf3+ 21. Nxf3 Bd5 22. Nd4 f5 23. Bg5 Ree8 24. Re1 Bc5 25. a4 Bc4 26. Bf4+ Kd7 27. Rad1 Rxe1+ 28. Rxe1 Bxd4 29. Rd1 Kc6 30. Rxd4 b5 31. a5 Re8 32. h4 Re2 33. Rd6+ Kc5 34. Rxa6 Rb2 35. Be3+ Kd5 36. Ra7 Ke4 37. Re7+ Kd3 38. a6 Ra2 39. a7 Kxc3 40. Re8 1-0

[Event "January 2 Early 2024"]
[Site "https://www.chess.com"]
[Date "2024.01.02"]
[Round "6"]
[White "Svane, Frederik"]
[Black "Mamedyarov, Shakhriyar"]
[Result "0-1"]
[Board "1"]
[TimeControl "180+1"]
[WhiteFideId "12923044"]
[BlackFideId "13401319"]
[WhiteElo "3042"]
[BlackElo "3056"]
[WhiteTeam "GER"]
[BlackTeam "AZE"]
[WhiteClock "0:00:05"]
[BlackClock "0:00:38"]

1. e4 d5 2. exd5 Qxd5 3. Nc3 Qa5 4. d4 Nf6 5. Nf3 Bf5 6. Bc4 e6 7. Bd2 Bb4 8. a3 Bxc3 9. Bxc3 Qb6 10. O-O Nc6 11. a4 a5 12. h3 O-O 13. Qe2 Rad8 14. Rfd1 Be4 15. Nd2 Bxc2 16. Rdc1 Bg6 17. Nb3 Nd5 18. Bb5 Ncb4 19. Bc4 c6 20. Nc5 Qc7 21. Bb3 Rfe8 22. Rd1 h6 23. Be1 Qb6 24. Qe5 Nf6 25. Rac1 Nbd5 26. Bd2 Nd7 27. Qg3 N7f6 28. Qe5 Nb4 29. Bc3 Nfd5 30. Qe1 Qa7 31. Bxd5 exd5 32. Qd2 Na2 33. Ra1 Nxc3 34. bxc3 b6 35. Nd3 Bxd3 36. Qxd3 Re6 37. Re1 Rde8 38. Rxe6 Rxe6 39. Rb1 g6 40. g3 Kg7 41. h4 h5 42. Kg2 Qb7 43. Kg1 Re4 44. Kg2 Re8 45. Kg1 Rb8 46. c4 dxc4 47. Qxc4 Qd7 48. Rc1 b5 49. Qxc6 Qxc6 50. Rxc6 bxa4 51. Rc5 Ra8 52. Rc4 a3 53. Ra4 Kf6 54. Kf1 Ke6 55. Ke2 Kd5 56. Kd3 a2 57. Rxa2 a4 58. Ra3 f6 59. f3 g5 60. Kc3 Rc8+ 61. Kd3 Rc4 62. Ke3 Rxd4 63. Rc3 Rb4 64. hxg5 fxg5 65. Rc8 Rb3+ 66. Kf2 a3 67. Ra8 Kc4 68. f4 g4 69. Ra4+ Kc3 70. f5 Kb2 71. f6 a2 72. f7 Rf3+ 73. Kg2 a1=Q 0-1

[Event "January 2 Early 2024"]
[Site "https://www.chess.com"]
[Date "2024.01.02"]
[Round "6"]
[White "Corrales Jimenez, Fidel"]
[Black "Xiong, Jeffery"]
[Result "1-0"]
[Board "2"]
[TimeControl "180+1"]
[WhiteFideId "3506690"]
[BlackFideId "2047640"]
[WhiteElo "2936"]
[BlackElo "3046"]
[WhiteTeam "USA"]
[BlackTeam "USA"]
[WhiteClock "0:02:02"]
[BlackClock "0:00:56"]

1. e4 e6 2. d4 d5 3. e5 c5 4. c3 Nc6 5. Nf3 Bd7 6. a3 c4 7. Be2 Na5 8. Nbd2 Ne7 9. O-O Nc8 10. Qe1 Ba4 11. Bd1 Nb6 12. Bxa4+ Nxa4 13. Qd1 Qd7 14. Re1 Be7 15. Rb1 O-O-O 16. Nf1 Kb8 17. Ng3 h5 18. h4 Nb6 19. Bg5 Rde8 20. Bxe7 Rxe7 21. Ng5 f6 22. Nh3 Nc6 23. Nf4 Rh6 24. Nfxh5 fxe5 25. dxe5 d4 26. Qg4 d3 27. Rbd1 Qd8 28. Nf4 a5 29. h5 a4 30. Ng6 Re8 31. Ne4 Ka7 32. Nd6 Reh8 33. Nf7 Qf8 34. Nfxh8 Rxh8 35. Nxf8 1-0

[Event "January 2 Early 2024"]
[Site "https://www.chess.com"]
[Date "2024.01.02"]
[Round "6"]
[White "Svane, Rasmus"]
[Black "Paravyan, David"]
[Result "1/2-1/2"]
[Board "3"]
[TimeControl "180+1"]
[WhiteFideId "4657101"]
[BlackFideId "4194985"]
[WhiteElo "3001"]
[BlackElo "3102"]
[WhiteTeam "GER"]
[BlackTeam "FID"]
[WhiteClock "0:00:38"]
[BlackClock "0:01:47"]

1. Nf3 d5 2. g3 g6 3. Bg2 Bg7 4. d4 Nf6 5. O-O O-O 6. c3 a5 7. a4 b6 8. b3 Bb7 9. Ba3 Nbd7 10. Nbd2 c5 11. c4 e6 12. Rc1 Rc8 13. e3 Re8 14. Qe2 Rc7 15. Rfd1 Qa8 16. Qf1 Rec8 17. Rc2 dxc4 18. bxc4 cxd4 19. Nxd4 Bxg2 20. Qxg2 Qxg2+ 21. Kxg2 Bf8 22. Bxf8 Kxf8 23. Nb5 Rc5 24. Nd6 Rb8 25. N2e4 Nxe4 26. Nxe4 Rc7 27. Rdc1 Nc5 28. Nxc5 Rxc5 29. Kf3 Rbc8 30. Ke2 Ke7 31. Kd3 Rd8+ 32. Ke2 Rdc8 33. Kd3 Rd8+ 34. Ke2 Rdc8 1/2-1/2

[Event "January 2 Early 2024"]
[Site "https://www.chess.com"]
[Date "2024.01.02"]
[Round "6"]
[White "Kramnik, Vladimir"]
[Black "Sadhwani, Raunak"]
[Result "0-1"]
[Board "4"]
[TimeControl "180+1"]
[WhiteFideId "4101588"]
[BlackFideId "35093487"]
[WhiteElo "2990"]
[BlackElo "3076"]
[WhiteTeam "RUS"]
[BlackTeam "IND"]
[WhiteClock "0:00:00"]
[BlackClock "0:00:13"]

1. e4 e5 2. Nf3 Nc6 3. Bb5 Nf6 4. O-O Nxe4 5. d4 Nd6 6. Bxc6 dxc6 7. dxe5 Nf5 8. Qxd8+ Kxd8 9. h3 Ke8 10. Nc3 h5 11. Bf4 Be6 12. Ng5 Rh6 13. Nxe6 Rxe6 14. Rad1 Be7 15. Ne4 c5 16. Rfe1 Rd8 17. Rxd8+ Kxd8 18. Kf1 Kd7 19. c3 b5 20. g4 hxg4 21. hxg4 Nh4 22. Nd2 g5 23. Bg3 Ng6 24. a3 Kc6 25. Kg2 a5 26. a4 bxa4 27. Nc4 Kb5 28. Na3+ Kc6 29. Re4 Bf6 30. Nc4 Kd5 31. f3 Nxe5 32. Bxe5 Bxe5 33. Ne3+ Kc6 34. Rxa4 Bxc3 35. Nc4 Bxb2 36. Rxa5 Bd4 37. f4 Kd5 38. Na3 Re2+ 39. Kf3 Rf2+ 40. Kg3 gxf4+ 41. Kh4 Rh2+ 42. Kg5 f3 43. Nb5 f2 44. Nxc7+ Kc6 0-1